 Dungeon Crawl Stone Soup version 0.23.1 (webtiles) character file.

Game seed: 554990202811023961

0 Gargoyl the Skirmisher (level 1, -5/19 HPs)
             Began as a Centaur Abyssal Knight on Mar 10, 2019.
             Was a Follower of Lugonu.
             Killed from afar by a smoke demon (20 damage)
             ... with a ball of steam
             ... on level 4 of the Abyss.
             The game lasted 00:00:57 (236 turns).

Gargoyl the Skirmisher (Centaur Abyssal Knight)      Turns: 236, Time: 00:00:58

Health: -5/19      AC:  6    Str: 14    XL:     1   Next: 0%
Magic:  2/2        EV:  7    Int: 11    God:    Lugonu [*.....]
Gold:   83         SH:  0    Dex:  8    Spells: 0/0 levels left

rFire    . . .     SeeInvis .   a - +1 hand axe
rCold    . . .     Gourm    .   (no shield)
rNeg     . . .     Faith    .   d - +0 scale mail
rPois    .         Spirit   .   (no helmet)
rElec    .         Reflect  .   (no cloak)
rCorr    .         Harm     .   (no gloves)
MR       .....                  (no barding)
Stlth    ..........             (no amulet)
HPRegen  0.06/turn              (no ring)
MPRegen  0.08/turn              (no ring)

@: very quick
A: large, hooves 3, deformed body, speed 2, tough skin 3
a: Depart the Abyss, Renounce Religion


You were on level 4 of the Abyss.
You worshipped Lugonu.
Lugonu was aware of your devotion.
You were not hungry.

You visited 0 branches of the dungeon, and saw 0 of its levels.
You visited the Abyss 1 time.

You collected 83 gold pieces.

Inventory:

Hand Weapons
 a - a +1 hand axe (weapon)
Armour
 b - a +0 leather armour
 d - a +0 scale mail (worn)
Comestibles
 c - a ration


   Skills:
 + Level 3.0 Fighting
 + Level 1.7 Axes
 + Level 1.3 Armour
 + Level 0.6 Dodging
 + Level 2.0 Invocations


You couldn't memorise any spells.
You didn't know any spells.
Your spell library contained the following spells:

 Spells                   Type           Power        Failure   Level  Hunger
 Gell's Gravitas          Tloc           #.........   99%         3    ####...
 Portal Projectile        Hex/Tloc       #.....       99%         3    ####...
 Force Lance              Conj/Tloc      #.......     100%        4    #####..
 Dispersal                Tloc           #.........   100%        6    #######
 Controlled Blink         Tloc           N/A          100%        8    #######
 Disjunction              Tloc           #.........   100%        8    #######


Dungeon Overview and Level Annotations

Branches:
Dungeon (0/15)

Altars:


Innate Abilities, Weirdness & Mutations

You have hooves in place of feet.
Armour fits poorly on your strangely shaped body.
You cover ground very quickly.
You have extremely tough skin. (AC +3)


Message History

A blink frog comes into view.
A wretched star comes into view.
A small abomination comes into view.
Found a ration.
The smoke demon roars!
You hit the smoke demon but do no damage.
Your kick misses the smoke demon.
The smoke demon hits you but does no damage.
The smoke demon hits you. x2
Unknown command.
A deep elf demonologist comes into view.
It is wielding a +1 long sword of draining.
A shining eye comes into view.
The shining eye turns its gaze towards you.
The smoke demon hits you. The smoke demon closely misses you.
The smoke demon hits you but does no damage.
Found 19 stones.
The smoke demon gestures at you. The ball of steam hits you!!
Ouch! That really hurt!
You die...

.# .#.##
#(...#. ##
#....#.. .
.#..#...##. #.
##.#.#.....#
#.#...#..#.#.#
..#@.....%..
#.#§.x##.#
#.#.#§#...#
####..3...#####
#....x...#. .#
G.....#...##..#
.#.#.#.#.#..#.#
#. ####....#..#
. #...###.##


You could see a small abomination.

Vanquished Creatures (others)
  2 starspawn tentacles (Abyss:2)
2 creatures vanquished.

Notes
Turn   | Place    | Note
-------+----------+-------------------------------------------
     0 | Abyss:1  | Gargoyl the Centaur Abyssal Knight began the quest for the
                  | Orb.
     0 | Abyss:1  | Reached XP level 1. HP: 19/19 MP: 2/2
    15 | Abyss:2  | Found a corrupted altar of Lugonu.
    46 | Abyss:2  | Noticed a wraith
    58 | Abyss:2  | Noticed a cacodemon
    58 | Abyss:2  | Noticed a tentacled starspawn
    60 | Abyss:2  | Noticed an ancient zyme
    84 | Abyss:3  | Noticed a large abomination
    89 | Abyss:3  | Noticed a water elemental
    92 | Abyss:3  | Noticed a dire elephant
    92 | Abyss:3  | Noticed a rakshasa
    92 | Abyss:3  | Noticed a worldbinder
    93 | Abyss:3  | Noticed a water elemental
    96 | Abyss:3  | Noticed a naga
    96 | Abyss:3  | Noticed a naga
   102 | Abyss:3  | Found a bloodstained altar of Trog.
   133 | Abyss:3  | Noticed a small abomination
   203 | Abyss:4  | Noticed a blink frog
   218 | Abyss:4  | Noticed a wretched star
   225 | Abyss:4  | Noticed a small abomination
   226 | Abyss:4  | Noticed a small abomination
   226 | Abyss:4  | Noticed a smoke demon
   231 | Abyss:4  | Noticed a deep elf demonologist
   233 | Abyss:4  | Noticed a shining eye
   236 | Abyss:4  | Killed from afar by a smoke demon

Action                   || total
-------------------------++-------
Melee: Hand axe          ||     1
  Use: Scroll            ||     1
Armor: Scale mail        ||     2
Dodge: Dodged            ||     3
